 Dungeon Crawl Stone Soup version bcrawl-1.19.2-6-g6a88ae04c9 (webtiles) character file.

Game seed: 8006756991778449173

3866 Mrkan the Schismatic (level 9, -19/93 HPs)
             Began as a Troll Fighter on Jan 4, 2020.
             Was an Elder of Lugonu.
             Demolished by a white ugly thing (25 damage)
             ... on level 7 of the Dungeon.
             The game lasted 00:13:03 (5902 turns).

Mrkan the Schismatic (Troll Fighter)                Turns: 5902, Time: 00:13:03

Health: -19/93     AC:  8    Str: 28    XL:     9   Next: 99%
Magic:  15/15      EV:  8    Int:  5    God:    Lugonu [****..]
Gold:   334        SH: 10    Dex: 10    Spells: 8/8 levels left

rFire    + . .     SeeInvis +     - Unarmed
rCold    . . .     Gourm    +   a - +1 shield
rNeg     . . .     Faith    +   (armour unavailable)
rPois    .         Spirit   .   (helmet restricted)
rElec    .         Reflect  .   (no cloak)
rCorr    .         Harm     .   (gloves unavailable)
MR       .....                  (boots unavailable)
Stlth    +.........             l - amulet of faith
HPRegen  0.65/turn              m - ring of protection from fire
MPRegen  0.14/turn              A - ring of see invisible

@: studying Long Blades
A: large, almost no armour, unfitting armour, claws 3, fast metabolism 3,
gourmand, regeneration 1, AC +8
a: Depart the Abyss, Bend Space, Banish, Corrupt, Renounce Religion


You were on level 7 of the Dungeon.
You worshipped Lugonu.
Lugonu was greatly pleased with you.
You were completely stuffed.

You visited 2 branches of the dungeon, and saw 8 of its levels.
You also visited: Ossuary.

You collected 334 gold pieces.

Inventory:

Missiles
 p - 41 large rocks (quivered)
Armour
 a - a +1 shield (worn)
Jewellery
 l - an amulet of faith (around neck)
 m - a ring of protection from fire (left claw)
 n - an uncursed ring of positive energy
 A - a ring of see invisible (right claw)
Wands
 i - a wand of enslavement (5)
 s - a wand of polymorph (7)
Scrolls
 h - 3 scrolls of remove curse
 o - a scroll of magic mapping
 r - a scroll of blinking
Potions
 b - a potion of might
 e - 2 potions of invisibility
 f - a potion of berserk rage {unknown}
 g - a potion of mutation {unknown}
 j - a potion of curing {unknown}
 k - 4 potions of agility
 q - 3 potions of haste
 t - 3 potions of resistance
 w - a potion of heal wounds {unknown}
 x - a potion of brilliance {unknown}
 z - 2 potions of lignification
Books
 y - a manual of Long Blades
Comestibles
 c - 13 rations {!d}
 d - 4 chunks of flesh


   Skills:
 + Level 7.4 Fighting
 - Level 2.4 Dodging
 - Level 2.0 Shields
 - Level 7.0 Unarmed Combat
 * Level 9.6 Invocations


You had 8 spell levels left.
You didn't know any spells.
Your spell library contained the following spells:

 Spells                   Type           Power        Failure   Level  Hunger
 Sandblast                Erth           #.....       94%         1    ##.....
 Passwall                 Tmut/Erth      #.......     98%         2    ###....
 Stone Arrow              Conj/Erth      #.....       100%        3    ####...
 Petrify                  Tmut/Erth      #.......     100%        4    #####..
 Lee's Rapid Deconstruct  Erth           #.........   100%        5    ######.


Dungeon Overview and Level Annotations

Branches:
Dungeon (7/12)             Temple (1/1) D:4            Lair (0/6) D:7

Altars:
Ashenzari
Cheibriados
Dithmenos
Elyvilon
Fedhas
Gozag
Hepliaklqana
Kikubaaqudgha
Lugonu
Makhleb
Okawaru
Qazlal
Ru
Sif Muna
Trog
Vehumet
Zin
The Shining One


Innate Abilities, Weirdness & Mutations

You cannot wear most types of armour.
Your thick skin is tough. (AC +8)
You are too large for most types of armour.
You have claws for hands.
Your metabolism is lightning-fast.
You like to eat raw meat.
Your natural rate of healing is unusually fast.


Message History

This raw flesh tastes great.
A white ugly thing comes into view.
The white ugly thing gurgles horribly!
You hear a shout! x2
A white ugly thing is nearby!
The white ugly thing claws you! The white ugly thing freezes you!!
You claw the white ugly thing!
Space warps horribly around the white ugly thing!!
The white ugly thing is heavily wounded.
The white ugly thing claws you. The white ugly thing freezes you!!
* * * LOW HITPOINT WARNING * * *
You claw the white ugly thing!
Space warps horribly around the white ugly thing!
The white ugly thing is severely wounded.
You block the white ugly thing's attack.
You barely miss the white ugly thing.
The white ugly thing is severely wounded.
The white ugly thing claws you!
* * * LOW HITPOINT WARNING * * *
The white ugly thing freezes you!!
You die...

*,,,,,,*#.#......###
*****,**#...<....# # *.#
####.....### *.#
#........ *.# #.#.#####
*******##%# #........
*,,,,,,...# ###'#####
*,**####..# ##...## *,*
#.u@..# ##.....##
*.###.##.## ##.......##
*.........####.........#
*####........'.........+
#.#...####.........#
#.....# ##.....(.##
#####.# ##.....## #.#
##.รท.## #.# ##'##


You could see a white ugly thing.

Vanquished Creatures
  A cyclops (D:7)
  A wraith (D:5)
  A steam dragon (D:7)
  A water moccasin (D:5)
  An orc warrior (D:4)
  An ice beast (D:7)
  3 sky beasts
  4 ogres
  2 centaurs
  An elf zombie (Ossuary)
  6 killer bees (D:7)
  5 wights (D:7)
  4 centaur zombies
  2 crimson imps
  2 hounds (D:4)
  9 orc wizards
  3 orc priests
  A bullfrog skeleton (D:4)
  An iguana (D:7)
  2 human zombies (Ossuary)
  3 worker ants
  A big kobold zombie (Ossuary)
  2 mummies
  21 gnolls
  6 adders
  4 adder zombies
  2 adder skeletons
  3 worms
  2 dart slugs
  2 leopard geckos
  29 orcs
  5 bats
  2 giant cockroaches (D:2)
  5 goblins
  5 hobgoblins
  6 jackals
  4 kobolds
  3 quokkas
  3 frilled lizards
  8 hobgoblin zombies (Ossuary)
  4 jackal zombies (Ossuary)
  7 kobold zombies (Ossuary)
  9 orc zombies (Ossuary)
  2 quokka skeletons
  A quokka zombie (D:5)
  3 rats
193 creatures vanquished.

Notes
Turn   | Place    | Note
-------+----------+-------------------------------------------
     0 | D:1      | Mrkan the Troll Fighter began the quest for the Orb.
     0 | D:1      | Reached XP level 1. HP: 22/22 MP: 0/0
    82 | D:1      | Reached XP level 2. HP: 29/29 MP: 1/1
   878 | D:2      | Reached XP level 3. HP: 25/36 MP: 2/2
  1039 | D:2      | Gained mutation: Your natural rate of healing is unusually
                  | fast. [Troll growth]
  1039 | D:2      | Reached XP level 4. HP: 28/45 MP: 3/3
  1789 | D:3      | Reached XP level 5. HP: 53/53 MP: 4/4
  1885 | D:3      | Noticed a centaur
  1892 | D:3      | Killed a centaur
  1892 | D:3      | Reached skill level 5 in Unarmed Combat
  2220 | D:4      | Noticed a sky beast
  2225 | D:4      | Killed a sky beast
  2225 | D:4      | Reached XP level 6. HP: 62/62 MP: 5/5
  2236 | D:4      | Found a staircase to the Ecumenical Temple.
  2340 | D:4      | Noticed an orc warrior
  2355 | D:4      | Killed an orc warrior
  2355 | D:4      | Reached XP level 7. HP: 68/71 MP: 6/6
  2756 | Temple   | Entered the Ecumenical Temple
  2869 | Temple   | Became a worshipper of Lugonu the Unformed
  2936 | D:4      | Reached skill level 1 in Invocations
  3174 | D:5      | Entered Level 5 of the Dungeon
  3326 | D:5      | Reached skill level 2 in Invocations
  3389 | D:5      | Found the +2 robe of Vines {NoPotionHeal Regen+7}
  3400 | D:5      | Reached skill level 5 in Fighting
  3400 | D:5      | Reached skill level 3 in Invocations
  3426 | D:5      | Reached ** piety under Lugonu
  3431 | D:5      | Reached XP level 8. HP: 74/80 MP: 9/9
  3808 | D:5      | Reached skill level 4 in Invocations
  3852 | D:5      | Found a sand-covered staircase.
  3859 | Ossuary  | Entered an ossuary
  3943 | Ossuary  | Reached *** piety under Lugonu
  4022 | Ossuary  | Reached skill level 5 in Invocations
  4275 | D:5      | Reached skill level 6 in Invocations
  4766 | D:6      | Found a shimmering blue altar of Sif Muna.
  4802 | D:6      | Reached XP level 9. HP: 74/89 MP: 11/13
  4885 | D:6      | Reached skill level 7 in Invocations
  5180 | D:6      | Found a sacrificial altar of Ru.
  5409 | D:7      | Reached **** piety under Lugonu
  5514 | D:7      | Reached skill level 8 in Invocations
  5560 | D:7      | Found a bloodstained altar of Trog.
  5796 | D:7      | Noticed a cyclops
  5806 | D:7      | Killed a cyclops
  5806 | D:7      | Reached skill level 9 in Invocations
  5898 | D:7      | Noticed a white ugly thing
  5902 | D:7      | Demolished by a white ugly thing

Skill      XL: |  1  2  3  4  5  6  7  8  9 |
---------------+----------------------------+-----
Unarmed Combat | 3 4 5 6 7 |  7.0
Fighting       | 3 4 5 6 7 |  7.4
Invocations    | 3 6 9 |  9.6
Dodging        | |  2.4
Shields        | |  2.0

Action                   |  1- 3 |  4- 6 |  7- 9 || total
-------------------------+-------+-------+-------++-------
Melee: Unarmed           |    76 |    88 |   415 ||   579
  Use: Scroll            |       |       |    13 ||    13
  Eat: Chunk             |     5 |    15 |    23 ||    43
Armor: Skin              |    30 |    16 |   152 ||   198
Dodge: Dodged            |    26 |    27 |   120 ||   173
Block: Shield            |    39 |    30 |   154 ||   223
